 Dungeon Crawl Stone Soup version 0.26.1-2-gb8aa6d0cf2 (webtiles) character file.

Game seed: 14111899763864125045

1386 DasRunzen the Conjurer (level 8, -1/63 HPs)
             Began as a Demigod Conjurer on Feb 8, 2021.
             Shot with an arrow by a centaur (3 damage)
             ... on level 7 of the Dungeon.
             The game lasted 00:10:30 (6335 turns).

DasRunzen the Conjurer (Demigod Conjurer)           Turns: 6335, Time: 00:10:31

Health: -1/63      AC:  6    Str: 14    XL:     8   Next: 17%
Magic:  16/16      EV: 13    Int: 22    God:
Gold:   284        SH:  0    Dex: 14    Spells: 7/14 levels left

rFire    + . .     SeeInvis .   d - +2 spear (vorpal)
rCold    . . .     Faith    .   (no shield)
rNeg     . . .     Spirit   .   h - +0 leather armour
rPois    +         Reflect  .   s - +0 helmet
rElec    .         Harm     .   (no cloak)
rCorr    .         Rampage  .   (no gloves)
Will     .....     Clarity  +   n - +1 pair of boots
Stlth    ++........             (no amulet)
HPRegen  0.20/turn              j - ring of protection from fire
MPRegen  0.15/turn              f - ring of poison resistance

@: no status effects
A: blink, clarity, high mp 1, sense surroundings 1
a: Blink


You were on level 7 of the Dungeon.
You visited 1 branch of the dungeon, and saw 7 of its levels.

You collected 284 gold pieces.

Inventory:

Hand Weapons
 d - a +2 vorpal spear (weapon)
Armour
 h - a +0 leather armour (worn)
 n - a +1 pair of boots (worn)
 s - a +0 helmet (worn)
Jewellery
 f - a ring of poison resistance (right hand)
 j - a ring of protection from fire (left hand)
Wands
 k - a wand of disintegration (16)
Scrolls
 b - 8 scrolls of remove curse
 m - 2 scrolls of teleportation
 r - 3 scrolls of amnesia
Potions
 c - 2 potions of heal wounds
 e - 2 potions of curing
 g - 2 potions of magic
 i - 2 potions of berserk rage
 l - a potion of invisibility
 o - a potion of cancellation {unknown}
 p - 3 potions of brilliance {unknown}
 q - 2 potions of degeneration {unknown}
 t - a potion of might {unknown}


   Skills:
 + Level 3.3 Fighting
 + Level 3.1 Polearms
 + Level 3.2 Armour
 + Level 3.9 Dodging
 - Level 1.7 Stealth
 + Level 3.5 Spellcasting
 + Level 5.1 Conjurations
 + Level 2.2 Air Magic
 + Level 2.1 Evocations


You had 7 spell levels left.
You knew the following spells:

 Your Spells              Type           Power        Failure   Level
a - Magic Dart            Conj           100%         1%          1
b - Searing Ray           Conj           52%          2%          2
c - Airstrike             Air            6%           50%         4

Your spell library contained the following spells:

 Spells                   Type           Power        Failure   Level
 Shock                    Conj/Air       80%          3%          1
 Swiftness                Air            13%          9%          2
 Static Discharge         Conj/Air       20%          10%         3
 Dazzling Flash           Conj/Hex       30%          16%         3
 Fulminant Prism          Conj/Hex       7%           45%         4
 Iskenderun's Mystic Bla  Conj/Tloc      15%          45%         4
 Lightning Bolt           Conj/Air       10%          65%         5


Dungeon Overview and Level Annotations

Branches:
Dungeon (7/15)             Temple (0/1) D:7

Shops:
D:6 *

Annotations:
D:6 2 transporters, lasso's ghost, novice GnCj


Innate Abilities, Weirdness & Mutations

You have an increased reservoir of magic. (+10% MP)
You can translocate small distances at will.
You possess an exceptional clarity of mind.
You passively map a small area around you.


Message History

The centaur shoots an arrow.
The arrow hits you!
The centaur shoots an arrow.
The arrow misses you.
The centaur shoots an arrow.
The arrow misses you.
The centaur shoots an arrow.
The arrow hits you!
* * * LOW HITPOINT WARNING * * *
You see here an arrow.
The centaur shoots an arrow.
The arrow hits you.
* * * LOW HITPOINT WARNING * * *
You see here an arrow.
The centaur shoots an arrow.
The arrow hits you!
* * * LOW HITPOINT WARNING * * *
You see here an arrow.
The centaur shoots an arrow.
The arrow barely misses you.
You see here an arrow.
The centaur shoots an arrow.
The arrow misses you.
The centaur shoots an arrow.
The arrow hits you.
* * * LOW HITPOINT WARNING * * *
You see here 2 arrows.
The centaur shoots an arrow.
The arrow hits you.
You die...

#....###...(.# #. , * ..
#...#...# .##.# ,
#.....#(.(..#..?..# * * *
...#####.>.#####..#
#[...#.....#.....#
#..#.(.#...#..#.# ######
..#....c###....##.# ###.....
.......#.#.#..###.# #.....##
..####..(#....(@..#######.<...#
........(#..((###.#...........#
..######Oc...## #.#.#####[....#
* ##.#### #.#.# #.....# * ###
#...# ####### #####


You could see an ogre and a centaur.

Vanquished Creatures
  Grinder (D:3)
  Menkaure (D:5)
  An ice beast (D:6)
  A black bear (D:6)
  2 ogres
  A centaur (D:6)
  A scorpion (D:6)
  2 howler monkeys
  2 hounds
  2 orc priests (D:6)
  A bullfrog skeleton (D:5)
  Jessica (D:2)
  3 worker ants
  2 orc wizards (D:6)
  A worker ant zombie (D:5)
  3 gnolls (D:3)
  9 adders
  A shadow imp (D:4)
  An adder skeleton (D:7)
  2 worms
  2 dart slugs
  2 leopard geckos
  9 orcs
  7 bats
  6 giant cockroaches
  4 goblins
  6 hobgoblins
  5 jackals
  6 kobolds
  2 quokkas
  3 frilled lizards (D:3)
  9 rats
99 creatures vanquished.

Notes
Turn   | Place    | Note
-------+----------+-------------------------------------------
     0 | D:1      | DasRunzen the Demigod Conjurer began the quest for the Orb.
     0 | D:1      | Reached XP level 1. HP: 14/14 MP: 5/5
   703 | D:2      | Reached XP level 2. HP: 12/22 MP: 1/7
   706 | D:2      | Learned a level 2 spell: Searing Ray
   886 | D:2      | Found a shimmering blue altar of Sif Muna.
  1336 | D:2      | Reached XP level 3. HP: 14/27 MP: 8/8
  1712 | D:2      | Reached skill level 1 in Fighting
  1750 | D:2      | Noticed Jessica
  1751 | D:2      | Killed Jessica
  1752 | D:2      | Reached skill level 1 in Armour
  1770 | D:2      | Reached skill level 4 in Conjurations
  1957 | D:2      | Found a radiant altar of Vehumet.
  2204 | D:3      | Reached XP level 4. HP: 35/35 MP: 10/10
  2215 | D:3      | Reached skill level 1 in Polearms
  2646 | D:3      | Found an ornate altar of the Wu Jian Council.
  2689 | D:3      | Noticed Grinder
  2698 | D:3      | Paralysed by Grinder for 7 turns
  2705 | D:3      | Killed Grinder
  2706 | D:3      | Reached XP level 5. HP: 24/41 MP: 0/12
  2706 | D:3      | Reached XP level 6. HP: 28/48 MP: 0/13
  3013 | D:3      | Found a snail-covered altar of Cheibriados.
  3349 | D:4      | Learned a level 4 spell: Airstrike
  4331 | D:5      | Entered Level 5 of the Dungeon
  4385 | D:5      | Reached skill level 1 in Air Magic
  4425 | D:5      | Reached skill level 1 in Evocations
  4528 | D:5      | Reached XP level 7. HP: 46/56 MP: 5/14
  4695 | D:5      | Noticed Menkaure
  4702 | D:5      | Killed Menkaure
  4761 | D:5      | Found a hide-covered altar of Uskayaw.
  4838 | D:5      | Found an ancient bone altar of Kikubaaqudgha.
  4851 | D:5      | Found a shadowy altar of Dithmenos.
  5107 | D:5      | Gained mutation: You possess an exceptional clarity of
                  | mind. [potion of mutation]
  5107 | D:5      | Gained mutation: You passively map a small area around you.
                  | [potion of mutation]
  5107 | D:5      | Gained mutation: You can translocate small distances at
                  | will. [potion of mutation]
  5254 | D:6      | Noticed a troll
  5256 | D:6      | Noticed lasso's ghost (novice GnCj)
  5348 | D:6      | Reached skill level 5 in Conjurations
  5394 | D:6      | Found Sif Guul's General Store.
  5511 | D:6      | Reached XP level 8. HP: 46/63 MP: 7/16
  5598 | D:6      | Found a basalt altar of Yredelemnul.
  5691 | D:6      | Found a transporter.
  5692 | D:6      | Found a transporter.
  5798 | D:6      | Found a broken altar of Ashenzari.
  6268 | D:7      | Found a staircase to the Ecumenical Temple.
  6334 | D:7      | HP: 1/63 [centaur/arrow (3)]
  6335 | D:7      | Shot with an arrow by a centaur

Illustrated notes

Levels and vault maps discovered:
D:1:      nicolae_arrival_washed_ashore, layout_basic
D:2:      layout_basic, vehumet_crystals, marbit_many_paths, uniq_jessica
D:3:      layout_basic, lemuel_round_altar, cheibriados_altar_1, uniq_grinder
D:4:      layout_cave_pods
D:5:      layout_loops_ring, grunt_dithmenos_smoke_and_mirrors,
          lemuel_doored_altar, basic_altar, kennysheep_generic_room_11,
          uniq_menkaure
D:6:      layout_loops_ring, kennysheep_mini_moat,
          nicolae_overflow_crystal_walls, gammafunk_ghost_arena, serial_shops,
          shop
D:7:      layout_loops_ring, minmay_temple_entry_arrows,
          ebering_ghost_reflecting_pool

Skill      XL: |  1  2  3  4  5  6  7 |
---------------+----------------------+-----
Dodging        | 2 3 |  3.9
Spellcasting   | 2 3 |  3.5
Fighting       | 1 2 3 |  3.3
Armour         | 1 2 3 |  3.2
Conjurations   | 4 5 |  5.1
Polearms       | 1 2 3 |  3.1
Air Magic      | 1 2 |  2.2
Evocations     | 1 2 |  2.1
Stealth        | |  1.7

Action                   |  1- 3 |  4- 6 |  7- 9 || total
-------------------------+-------+-------+-------++-------
Melee: Spear             |    46 |   117 |    88 ||   251
 Cast: Magic Dart        |    18 |     1 |       ||    19
       Searing Ray       |     5 |     9 |     9 ||    23
  Use: Scroll            |     7 |     7 |     4 ||    18
       Potion            |       |       |     1 ||     1
 Stab: Sleeping          |     3 |     2 |     1 ||     6
Armor: Robe              |     3 |       |       ||     3
       Leather armour    |     1 |    22 |    21 ||    44
Dodge: Dodged            |    25 |    69 |    67 ||   161
